 Dungeon Crawl Stone Soup version 0.30-a0-953-g5f1da4a474 (webtiles) character file.

Game seed: 12210956210159686566

24 NinjaNoafa the Caller (level 2, -1/11 HPs)
             Began as a Felid Summoner on Mar 28, 2023.
             Slain by a hobgoblin (5 damage)
             ... on level 1 of the Dungeon.
             The game lasted 00:01:30 (558 turns).

NinjaNoafa the Caller (Felid Summoner)               Turns: 558, Time: 00:01:30

Health: -1/11      AC:  1    Str:  4    XL:     2   Next: 79%
Magic:  1/7        EV: 17    Int: 16    God:
Gold:   85         SH:  0    Dex: 16    Spells: 4/7 levels left
                                        Lives:  0   Deaths: 0

rFire   . . .      SeeInvis +    (weapon unavailable)
rCold   . . .      Faith    .    (shield unavailable)
rNeg    . . .      Spirit   .    (body armour unavailable)
rPois   .          Reflect  .    (helmet unavailable)
rElec   .          Rampage  .    (cloak unavailable)
rCorr   .                        (gloves unavailable)
Will    .....                    (boots unavailable)
Stlth   ++                       (no amulet)
HPRegen 0.21/turn                (no ring)
MPRegen 0.10/turn                (no ring)

@: very slightly contaminated, quick
A: very small, claws 1, fangs 3, see invisible, speed 1, shaggy fur 1, stealthy
paws, no weapons or thrown items, no armour, multi-lived
a: no special abilities


You were on level 1 of the Dungeon.
You visited 1 branch of the dungeon, and saw 1 of its levels.

You collected 85 gold pieces.

Inventory:

Scrolls
 b - 3 scrolls of identify {unknown}
 c - 2 scrolls of noise {unknown}
Potions
 a - a potion of magic
 d - a potion of attraction {unknown}
 e - a potion of degeneration {unknown}


   Skills:
 - Level 2.6 Dodging
 - Level 2.6 Stealth
 + Level 3.2 Spellcasting
 - Level 4.0 Summonings


You had 4 spell levels left.
You knew the following spells:

 Your Spells              Type           Power      Damage    Failure   Level
a - Summon Small Mammal   Summ           60%        N/A       3%          1
b - Call Imp              Summ           15%        N/A       5%          2

Your spell library contained the following spells:

 Spells                   Type           Power      Damage    Failure   Level
 Call Canine Familiar     Summ           15%        N/A       11%         3
 Summon Guardian Golem    Hex/Summ       8%         N/A       24%         3
 Ensorcelled Hibernation  Hex/Ice        4%         N/A       28%         2
 Passwall                 Tmut/Erth      1%         N/A       28%         2
 Swiftness                Air            2%         N/A       50%         3
 Summon Lightning Spire   Summ/Air       8%         N/A       63%         4


Dungeon Overview and Level Annotations

Branches:
Dungeon (1/15)

Altars:


Innate Abilities, Weirdness & Mutations

You have sharp claws.
You have razor-sharp teeth.
You have supernaturally acute eyesight. (SInv)
You cover ground quickly. (Speed+)
You are covered in fur. (AC +1)
Your paws help you pounce on unaware monsters.
You are incapable of wielding weapons or throwing items.
You cannot wear armour.
You gain extra lives every three experience levels.


Message History

The kobold barely misses your white imp.
Your white imp hits the kobold but does no damage.
The kobold hits your white imp but does no damage.
There are monsters nearby!
There are monsters nearby!
Your white imp gestures at the kobold.
The puff of frost hits the kobold.
The kobold dies!
The hobgoblin hits your white imp but does no damage.
Your white imp closely misses the hobgoblin.
The hobgoblin barely misses your white imp.
Your white imp disappears in a puff of smoke!
Casting: Call Imp (safe; 5% risk of failure)
Confirm with . or Enter, or press ? or * to list all spells.
You miscast Call Imp.
You are very lightly contaminated with residual magic.
Nothing appears to happen.
Casting: Call Imp (safe; 5% risk of failure)
Confirm with . or Enter, or press ? or * to list all spells.
A beastly little devil appears in a puff of flame.
A hobgoblin comes into view.
Casting: Call Imp (safe; 5% risk of failure)
Confirm with . or Enter, or press ? or * to list all spells.
The hobgoblin hits you.
Casting: Summon Small Mammal (safe; 3% risk of failure)
Confirm with . or Enter, or press ? or * to list all spells.
Your bat barely misses the hobgoblin.
Your crimson imp barely misses the hobgoblin.
The hobgoblin hits you.
You closely miss the hobgoblin.
Your bat hits the hobgoblin but does no damage.
Your bat hits the hobgoblin.
Your bat hits the hobgoblin but does no damage.
Your crimson imp barely misses the hobgoblin.
The hobgoblin hits you.
* * * LOW HITPOINT WARNING * * *
Your bat closely misses the hobgoblin.
Your crimson imp hits the hobgoblin.
Your bat hits the hobgoblin but does no damage.
The hobgoblin hits you.
You die...

........#... g..#
.....†....# ...
.....###### ###..
......# #...#
...#..# #...#
...#..# #._.#
...#..#########...#
...............b..#
.........#####.g@.#
..#5.###..).....5.#
..##..#######.b...#
..#..5...# #.....?#
.##......# #.#..###
.##......#...#..#
.##........###..#
.##.......## #.)#
..........# #...


You could see a hobgoblin (ally target), a friendly crimson imp (summoned) and 2
friendly bats.

Vanquished Creatures (collateral kills)
  3 endoplasms (D:1)
  2 hobgoblins (D:1)
  2 jackals (D:1)
  5 kobolds (D:1)
  3 ball pythons (D:1)
  A bat (D:1)
  A frilled lizard (D:1)
  2 goblins (D:1)
  4 rats (D:1)
23 creatures vanquished.

Notes
Turn   | Place    | Note
-------+----------+-------------------------------------------
     0 | D:1      | NinjaNoafa the Felid Summoner began the quest for the Orb.
     0 | D:1      | Reached XP level 1. HP: 7/7 MP: 4/4
   209 | D:1      | Reached XP level 2. HP: 7/11 MP: 1/6
   237 | D:1      | Learned a level 2 spell: Call Imp
   533 | D:1      | Found a faded altar of an unknown god.
   558 | D:1      | Slain by a hobgoblin

Illustrated notes

Levels and vault maps discovered:
D:1:      wheals_arrival_linesprint, layout_rooms, basic_ecumenical_altar,
          wander_ebering_terrifying_dragon_lair

Skill      XL: |  1  2 |
---------------+-------+-----
Spellcasting   | 3 |  3.2
Dodging        | |  2.6
Stealth        | |  2.6
Summonings     | |  4.0

Action                     || total
---------------------------++-------
  Melee: Unarmed           ||     2
   Cast: Summon Small Mamm ||    28
         Call Imp          ||     8
 Armour: Skin              ||     3
  Dodge: Dodged            ||    15

Table legend: (Time is in decaauts)
 A = Elapsed time spent in this place.
 B = Non-inter-level travel time spent in this place.
 C = Inter-level travel time spent in this place.
 D = Time resting spent in this place.
 E = Time spent auto-exploring this place.
 F = Levels seen in this place.
 G = Mean time per level.
                   A        B        C        D        E       F      G
               +--------+--------+--------+--------+--------+-----+--------+
         Total |    492 |    492 |      0 |      0 |    161 |   1 |  492.0 |
       Dungeon |    492 |    492 |      0 |      0 |    161 |   1 |  492.0 |
               +--------+--------+--------+--------+--------+-----+--------+

Top non-repeatable levels by time:
     D:1: 492 daAuts
